[Event "Early-Titled-Tuesday-Blitz-March-05-2024"]
[Site "Chess.com"]
[Date "2024.03.05"]
[Round "7"]
[White "ContrVersia"]
[Black "LornerAcosta"]
[Result "1-0"]
[WhiteElo "2864"]
[BlackElo "2631"]
[TimeControl "180+1"]
[EndTime "9:19:03 PST"]
[Termination "ContrVersia won by resignation"]

1. d4 d5 2. c4 e6 3. Nf3 Nf6 4. g3 Be7 5. Bg2 O-O 6. O-O dxc4 7. Ne5 Nc6 8. Nxc6 bxc6 9. Na3 Bxa3 10. bxa3 Rb8 11. Qd2 c5 12. dxc5 Qxd2 13. Bxd2 Rb2 14. Ba5 Nd5 15. e4 Rb5 16. Bd2 Nf6 17. Rfc1 Rd8 18.
Be3 Ng4 19. Rd1 Re8 20. Bd4 e5 21. Bc3 Rxc5 22. Rab1 a5 23. Rb8 Nf6 24. f3 h6 25.
Kf2 Kf8 26. Ra8 Be6 27. Ra7 Rb8 28. h3 Ke8 29. f4 exf4 30. gxf4 Bd7 31. Bd4 Rcb5 32. Rxc7 Rc8 33. Rxc8+ Bxc8 34. Bc3 Nd7 35. Rd5 Rxd5 36. exd5 Nf6 37. Ke3 Bb7 38. Kd4 a4 39. Kxc4 Ke7 40. d6+ 1-0

[Event "Early-Titled-Tuesday-Blitz-March-05-2024"]
[Site "Chess.com"]
[Date "2024.03.05"]
[Round "7"]
[White "ActorXu"]
[Black "YurasovMat-2012"]
[Result "1-0"]
[WhiteElo "2853"]
[BlackElo "2617"]
[TimeControl "180+1"]
[EndTime "9:19:04 PST"]
[Termination "ActorXu won by resignation"]

1. e4 e5 2. Nf3 Nf6 3. d4 Nxe4 4. dxe5 d5 5. Nbd2 Nxd2 6. Bxd2 c6 7. Bd3 Be7 8. O-O O-O 9. h3 Be6 10. Nd4 Bd7 11.
Qh5 g6 12. Qh6 c5 13. Nf3 f6 14. Rae1 Nc6 15. exf6 Bxf6 16. Ng5 Bxg5 17. Bxg5 Qc8 18. Bxg6 hxg6 19. Qxg6+ Kh8 20. Re3 Bf5 21. Bf6+ Rxf6 22. Qxf6+ Kh7 23. Rg3 Qf8 24. Qg5 Nd4 25.
Re1 Be4 26. Rg4 Nf5 27. Rf4 Re8 28. Rxf5 Bxf5 29. Qh5+ 1-0

[Event "Early-Titled-Tuesday-Blitz-March-05-2024"]
[Site "Chess.com"]
[Date "2024.03.05"]
[Round "7"]
[White "dosto07"]
[Black "lagunanivaria"]
[Result "1-0"]
[WhiteElo "2564"]
[BlackElo "2439"]
[TimeControl "180+1"]
[EndTime "9:19:04 PST"]
[Termination "dosto07 won by checkmate"]

1. e4 e5 2. Nf3 Nc6 3. Bb5 a6 4. Ba4 Nf6 5. O-O b5 6. Bb3 Bc5 7. a4 Rb8 8. c3 d6 9. d4 Bb6 10. a5 Ba7 11. Re1 Bg4 12. Be3 Bxf3 13. Qxf3 exd4 14. e5 Nxe5 15. Bxd4 O-O 16. Rxe5 dxe5 17.
Bxa7 e4 18. Qe2 Rc8 19. Bc5 Re8 20. Nd2 Nd7 21. Be3 c5 22. Bd5 Qc7 23. Bxe4 Nf6 24. Bc2 Nd5 25. Qh5 Nxe3 26. Qxh7+ Kf8 27. fxe3 Rxe3 28.
Rf1 Ke7 29. Qxg7 Rf8 30. Qf6+ Ke8 31. Be4 Qe7 32. Qf4 Re2 33. Bc6+ Kd8 34. Qb8# 1-0

[Event "Early-Titled-Tuesday-Blitz-March-05-2024"]
[Site "Chess.com"]
[Date "2024.03.05"]
[Round "7"]
[White "margarita_2703"]
[Black "GWR2024"]
[Result "0-1"]
[WhiteElo "2380"]
[BlackElo "2152"]
[TimeControl "180+1"]
[EndTime "9:19:06 PST"]
[Termination "GWR2024 won by resignation"]

1. e4 e5 2. Nf3 d5 3. Nxe5 Bd6 4.
d4 dxe4 5. Nc3 Bxe5 6. dxe5 Qxd1+ 7. Nxd1 Nc6 8. Bf4 Nge7 9. Nc3 Ng6 10. Bg3 Bf5 11.
Bb5 h5 12. Bxc6+ bxc6 13. h3 h4 14. Bh2 O-O-O 15. Rd1 Rxd1+ 16. Nxd1 Re8 17. Ne3 Bd7 18. Nc4 Be6 19. Ne3 Bd5 20. c4 Be6 21. b3 Bd7 22. O-O Nxe5 23. Bxe5 Rxe5 24. Rd1 f5 25. g3 hxg3 26.
fxg3 g5 27. Rf1 Be6 28. Kg2 Kd7 29. h4 gxh4 30. gxh4 Ke7 31. Kg3 Ra5 32. a4 Kf6 33. Kf4 c5 34. h5 Ra6 35. Rg1 Rb6 36. h6 Rb8 37. Nd5+ Bxd5 38. cxd5 Rxb3 39. Rf1 Rh3 40.
a5 Rxh6 41. Kg3 Rg6+ 42. Kf2 Ke5 43. Rb1 Kxd5 44. Rb7 Ra6 45. Rxc7 Rxa5 46. Ke3 Ra3+ 47. Kf4 Rf3+ 48. Kg5 c4 49. Rxa7 c3 50. Rd7+ Kc4 51. Rc7+ Kb3 52. Rb7+ Kc2 53. Rc7 Kd2 54. Rd7+ Kc1 55.
Rc7 c2 56. Rc4 Kd2 57. Rd4+ Rd3 58. Rc4 Rc3 59. Rd4+ Ke3 60. Rd8 c1=Q 61. Kxf5 Qf1+ 62. Ke5 Rc5+ 0-1

[Event "Early-Titled-Tuesday-Blitz-March-05-2024"]
[Site "Chess.com"]
[Date "2024.03.05"]
[Round "7"]
[White "Matalon"]
[Black "atbenina64"]
[Result "1-0"]
[WhiteElo "2510"]
[BlackElo "2720"]
[TimeControl "180+1"]
[EndTime "9:19:07 PST"]
[Termination "Matalon won by resignation"]

1. e4 c5 2. Nf3 d6 3. d4 cxd4 4. Nxd4 Nf6 5. Nc3 a6 6. Bg5 e6 7. f4 h6 8. Bh4 Qb6 9. Qd2 Qxb2 10. Rb1 Qa3 11. Bxf6 gxf6 12. Be2 Qc5 13. Na4 Qc7 14. Nb6 Ra7 15. f5 Nd7 16. Nxc8 Qxc8 17. fxe6 Nc5 18. exf7+ Kxf7 19. O-O Nxe4 20. Qf4 d5 21. Bh5+ Kg8 22. Bg4 Qc5 23. Be6+ Kg7 24. Kh1 Bd6 25. Qg4+ Kf8 26. Nf5 b5 27. Qh4 Be5 28. Rbd1 Nc3 29. Rd3 Qc6 30.
Nd4 Bxd4 31. Qxd4 Qxe6 32. Rxf6+ 1-0

[Event "Early-Titled-Tuesday-Blitz-March-05-2024"]
[Site "Chess.com"]
[Date "2024.03.05"]
[Round "7"]
[White "kinga2008"]
[Black "Bekkedahl"]
[Result "1-0"]
[WhiteElo "2412"]
[BlackElo "2198"]
[TimeControl "180+1"]
[EndTime "9:19:07 PST"]
[Termination "kinga2008 won by resignation"]

1. e4 c5 2. Nf3 g6 3. c3 Bg7 4. d4 cxd4 5. cxd4 d5 6. exd5 Nf6 7. Nc3 O-O 8. Bd3 Nxd5 9. O-O Nc6 10. Be4 Nf6 11. Bc2 Bg4 12. Be3 Nd5 13. Be4 e6 14. h3 Bxf3 15. Bxf3 Nxe3 16. fxe3 Qb6 17. Na4 Qa5 18.
Qb3 Rab8 19. Rad1 Rfd8 20. Bg4 Nb4 21. Rxf7 Qd5 22. Rxg7+ Kxg7 23. Qxb4 Rd7 24. Nc5 Re7 25. Bf3 Qg5 26. Ne4 Qxe3+ 27. Kh2 Rf7 28. Qd6 Qf4+ 29. Qxf4 Rxf4 30. Nc5 Kf6 31. Nd7+ 1-0

[Event "Early-Titled-Tuesday-Blitz-March-05-2024"]
[Site "Chess.com"]
[Date "2024.03.05"]
[Round "7"]
[White "ZCorrales"]
[Black "StankovicIvan"]
[Result "0-1"]
[WhiteElo "2240"]
[BlackElo "2526"]
[TimeControl "180+1"]
[EndTime "9:19:08 PST"]
[Termination "StankovicIvan won on time"]

1. e4 c5 2. Nf3 Nc6 3. c3 d5 4. exd5 Qxd5 5. d4 Bg4 6. Be2 cxd4 7. cxd4 e6 8. Nc3 Qa5 9. O-O Nf6 10. h3 Bh5 11. Be3 Be7 12. a3 O-O 13. b4 Qd8 14. Na4 Rc8 15. Nc5 b6 16. Na6 Nd5 17. Rc1 Bf6 18. Qd2 Qe7 19. g4 Bg6 20. g5 Qb7 21.
gxf6 Nxf6 22. b5 Ne7 23. Rxc8 Rxc8 24. Rc1 Rxc1+ 25. Qxc1 Nfd5 26. Ne5 Bf5 27. Kh2 f6 28. Nc6 Ng6 29. Bf3 Nh4 30. Bxd5 exd5 31. Qd1 g6 32.
Bf4 Be4 33. Qg4 Nf5 34. Qe2 Nh4 35. Bg3 Nf3+ 36. Kg2 Nxd4+ 37. Qxe4 dxe4 38. Nxd4 e3+ 39. f3 Qd5 40. Nc6 Qxb5 41. Ne7+ Kf7 0-1

[Event "Early-Titled-Tuesday-Blitz-March-05-2024"]
[Site "Chess.com"]
[Date "2024.03.05"]
[Round "7"]
[White "viniciusrego"]
[Black "Harry_Rakkel"]
[Result "1-0"]
[WhiteElo "2413"]
[BlackElo "2680"]
[TimeControl "180+1"]
[EndTime "9:19:09 PST"]
[Termination "viniciusrego won on time"]

1. e4 c5 2. Nc3 Nc6 3. Nge2 e6 4. g3 a6 5. a4 b6 6. Bg2 Bb7 7. d4 cxd4 8. Nxd4 Nf6 9. O-O Qc7 10. Re1 Be7 11. Bf4 Ne5 12. Nd5 exd5 13. exd5 d6 14. Nf5 Nfd7 15. Nxg7+ Kd8 16. Nf5 Bf6 17. Nd4 h5 18. h4 Qc5 19. c3 Qc4 20. Nc6+ Kc7 21.
Nxe5 Bxe5 22. b3 Qxf4 23. gxf4 Bxf4 24. Re7 Rag8 25. Qf3 Rg4 26. Kf1 Bc8 27. Bh3 Rxh4 28.
Rxf7 Be5 29. Re1 Rd8 30. Re4 Rxe4 31. Qxe4 a5 32. Qc4+ Kb8 33. Qc6 Bb7 34. Rxd7 1-0

[Event "Early-Titled-Tuesday-Blitz-March-05-2024"]
[Site "Chess.com"]
[Date "2024.03.05"]
[Round "7"]
[White "MaxLeto"]
[Black "dealshark"]
[Result "0-1"]
[WhiteElo "2447"]
[BlackElo "2338"]
[TimeControl "180+1"]
[EndTime "9:19:09 PST"]
[Termination "dealshark won by checkmate"]

1. e4 c6 2. Nc3 d5 3. Nf3 dxe4 4. Nxe4 Nd7 5. Qe2 e6 6. b3 Ngf6 7. Bb2 Be7 8. O-O-O a5 9. Neg5 a4 10. Nxf7 Kxf7 11. Ng5+ Ke8 12. Nxe6 Qa5 13. g4 axb3 14.
axb3 Nc5 15. Nxg7+ Kd8 16. Re1 Nd5 17. Bg2 Bf6 18. Bxf6+ Kc7 19. Be5+ Kb6 20. Bxd5 cxd5 21. Nf5 Bxf5 22. gxf5 Rhe8 23. Qe3 Qa3+ 24. Kd1 Qa5 25.
Qh6+ Kb5 26. Bc3 Qa2 27. Rxe8 Rxe8 28. Qd6 Qb1# 0-1

[Event "Early-Titled-Tuesday-Blitz-March-05-2024"]
[Site "Chess.com"]
[Date "2024.03.05"]
[Round "7"]
[White "Elsa167"]
[Black "AttackSparrow"]
[Result "1-0"]
[WhiteElo "2917"]
[BlackElo "2644"]
[TimeControl "180+1"]
[EndTime "9:19:10 PST"]
[Termination "Elsa167 won by resignation"]

1. f4 d5 2. Nf3 Nf6 3. g3 Bf5 4. Bg2 e6 5. O-O h6 6. d3 Nc6 7. Qe1 Bc5+ 8. Kh1 Qe7 9. a3 Bb6 10. Nc3 d4 11. Na4 Nd5 12. Nxb6 axb6 13. c3 dxc3 14. e4 Ndb4 15. Qxc3 Bh7 16. Be3 Na6 17.
b4 b5 18. Qxg7 O-O-O 19. a4 Naxb4 20. axb5 Nb8 21. Ra8 b6 22. Rfa1 Nc2 23. Ne5 Nxa1 24. Rxb8+ Kxb8 25. Nc6+ Kb7 26. Nxe7 Nb3 27. Qc3 Na5 28.
e5+ Kb8 29. Nc6+ Nxc6 30. Qxc6 Kc8 31. Bxb6 1-0

[Event "Early-Titled-Tuesday-Blitz-March-05-2024"]
[Site "Chess.com"]
[Date "2024.03.05"]
[Round "7"]
[White "Bulatova_Kamaliya"]
[Black "Kielinkei"]
[Result "0-1"]
[WhiteElo "2453"]
[BlackElo "2591"]
[TimeControl "180+1"]
[EndTime "9:19:10 PST"]
[Termination "Kielinkei won by resignation"]

1. e4 c5 2. c3 d5 3. exd5 Qxd5 4. Nf3 Nf6 5. Na3 Nc6 6. Bc4 Qd8 7. O-O e6 8. d4 cxd4 9. cxd4 Be7 10. Nb5 a6 11.
Nc3 O-O 12. a3 b5 13. Ba2 Bb7 14. d5 exd5 15. Nxd5 Nxd5 16. Bxd5 Na5 17. Bxb7 Nxb7 18.
Bf4 Bf6 19. Rb1 Qxd1 20. Rfxd1 Rfd8 21. b3 Nc5 22. Bd6 Ne4 23. Bb4 Bc3 24. h3 a5 25. Be7 Rxd1+ 26. Rxd1 b4 27. a4 h6 28. Rd8+ Rxd8 29. Bxd8 Nc5 30. Bxa5 Nxb3 31. Bc7 Nc5 32. a5 b3 33. a6 b2 34. a7 b1=Q+ 35. Kh2 Qb7 36. Bb8 Nd7 0-1

[Event "Early-Titled-Tuesday-Blitz-March-05-2024"]
[Site "Chess.com"]
[Date "2024.03.05"]
[Round "7"]
[White "N4700000"]
[Black "klercaku"]
[Result "1-0"]
[WhiteElo "2502"]
[BlackElo "2200"]
[TimeControl "180+1"]
[EndTime "9:19:11 PST"]
[Termination "N4700000 won by checkmate"]

1. e4 e5 2. Bc4 Nc6 3. Nc3 Nf6 4. d3 d6 5. f4 exf4 6. Bxf4 Be7 7. Nf3 O-O 8. O-O Na5 9. Bb3 Nxb3 10. axb3 h6 11. Qd2 Be6 12. d4 d5 13. e5 Ne4 14. Qe3 Bf5 15. Nd2 Ng5 16. Rac1 Ne6 17. Bxh6 gxh6 18. Rxf5 Bg5 19. Qf2 f6 20. Rf1 fxe5 21. dxe5 Rxf5 22.
Qxf5 Ng7 23. Qf7+ Kh8 24. Nf3 Be3+ 25. Kh1 d4 26. Ne4 Qf8 27. Nh4 Qxf7 28. Rxf7 Kg8 29. Rxc7 Rf8 30. Nf6+ Kh8 31. Ng6# 1-0

[Event "Early-Titled-Tuesday-Blitz-March-05-2024"]
[Site "Chess.com"]
[Date "2024.03.05"]
[Round "7"]
[White "Coach_Istvanovszki"]
[Black "1mbl4"]
[Result "0-1"]
[WhiteElo "2451"]
[BlackElo "2619"]
[TimeControl "180+1"]
[EndTime "9:19:12 PST"]
[Termination "1mbl4 won by resignation"]

1. Nc3 g6 2. e4 c5 3. Bc4 Bg7 4.
Qf3 e6 5. Nb5 d6 6. Qg3 Be5 7.
f4 Bf6 8. Nf3 a6 9. Nxd6+ Qxd6 10. e5 Qc6 11. exf6 Qe4+ 12. Be2 Qxc2 13. Ne5 Nxf6 14.
Bd3 Qa4 15. b3 Qd4 16. Rb1 Nh5 17. Qe3 Nxf4 18. Qxd4 cxd4 19. Be4 f6 20. Nc4 O-O 21. Nb6 Ra7 22. d3 e5 23. Ba3 Re8 24. Bc5 Bf5 25. Bxf5 gxf5 26. O-O Nxd3 27. Bd6 f4 28. Rbd1 e4 29. Nd5 Nd7 30. Nxf4 Nxf4 31. Rxf4 d3 32.
Rg4+ Kf7 33. Rg3 Raa8 34. Re3 Rac8 35. Rde1 d2 36. Rf1 Rc1 0-1

[Event "Early-Titled-Tuesday-Blitz-March-05-2024"]
[Site "Chess.com"]
[Date "2024.03.05"]
[Round "7"]
[White "KorolDimitriy75"]
[Black "xasid81"]
[Result "1/2-1/2"]
[WhiteElo "2452"]
[BlackElo "2568"]
[TimeControl "180+1"]
[EndTime "9:19:13 PST"]
[Termination "Game drawn by repetition"]

1. d4 a6 2. c4 b5 3. e3 Bb7 4. Nf3 bxc4 5. Bxc4 e6 6. Nc3 Nf6 7. O-O Be7 8. Qe2 O-O 9. e4 d5 10. Bd3 dxe4 11. Nxe4 Nbd7 12. Bg5 Nxe4 13. Bxe7 Qxe7 14.
Bxe4 Bxe4 15. Qxe4 c5 16. Rfd1 Nf6 17. Qe2 cxd4 18.
Rxd4 a5 19. Rad1 h6 20. h3 Rfd8 21. Rxd8+ Rxd8 22. Rxd8+ Qxd8 23. Qb5 Ne4 24. a4 g5 25. b4 axb4 26. Qxb4 Qd1+ 27. Kh2 Nxf2 28. a5 Qh1+ 29. Kg3 Qf1 30. Qb8+ Kh7 31. Qe5 Nd3 32. Qe4+ f5 33. Qxe6 f4+ 34. Kh2 Nf2 35. Qf7+ Kh8 36. Qf8+ Kh7 37.
Qf7+ Kh8 38. Qf8+ Kh7 39. Qf7+ 1/2-1/2

[Event "Early-Titled-Tuesday-Blitz-March-05-2024"]
[Site "Chess.com"]
[Date "2024.03.05"]
[Round "7"]
[White "Bilan_Danila"]
[Black "Azalea95"]
[Result "1-0"]
[WhiteElo "2543"]
[BlackElo "2357"]
[TimeControl "180+1"]
[EndTime "9:19:13 PST"]
[Termination "Bilan_Danila won on time"]

1. d4 Nf6 2. Nf3 d5 3. c4 e6 4. Nc3 dxc4 5. e3 a6 6. Bxc4 b5 7. Be2 Nbd7 8. a3 c5 9. dxc5 Bxc5 10. b4 Be7 11. Bb2 O-O 12. O-O Bb7 13. a4 bxa4 14.
Qxa4 Nb6 15. Qa5 Nbd5 16. Nxd5 Nxd5 17. Qxd8 Rfxd8 18. b5 a5 19. Nd4 Rdc8 20. Bf3 Rc4 21. h3 Bb4 22. Rfc1 Rac8 23. Rxc4 Rxc4 24. Ba3 h6 25.
Bxb4 axb4 26. Ra7 Bc8 27. Bxd5 exd5 28. b6 Rc3 29. b7 1-0

[Event "Early-Titled-Tuesday-Blitz-March-05-2024"]
[Site "Chess.com"]
[Date "2024.03.05"]
[Round "7"]
[White "viktorgen2021"]
[Black "Capiberibe"]
[Result "1-0"]
[WhiteElo "2489"]
[BlackElo "2018"]
[TimeControl "180+1"]
[EndTime "9:19:14 PST"]
[Termination "viktorgen2021 won by checkmate"]

1. d4 Nf6 2. Nf3 e6 3. g3 b6 4. Bg2 Bb7 5. O-O Be7 6. c4 O-O 7. Nc3 Ne4 8. Qc2 Nxc3 9. Qxc3 Be4 10. Rd1 d6 11. d5 e5 12. Ne1 Bxg2 13. Nxg2 a5 14.
e4 Nd7 15. Ne3 Bg5 16. Nf5 Bxc1 17. Qxc1 g6 18. Nh4 Qf6 19. Qe3 a4 20. Ng2 Nc5 21. Rd2 Qg7 22. Re1 f5 23. exf5 Rxf5 24. f4 exf4 25.
Nxf4 Raf8 26. Rf2 Qh6 27. Ref1 Qg5 28. Kh1 Qh6 29. Qe7 Qg7 30. Qe2 g5 31. Nh5 Rxf2 32. Rxf2 Rxf2 33. Qxf2 Qf7 34. Qe2 Kf8 35. Kg2 Qe7 36. Qf3+ Qf7 37. Qe2 Qe7 38. Qd2 Qe4+ 39. Kh3 Qf5+ 40. Kg2 Qe4+ 41. Kg1 h6 42. Qf2+ Ke7 43.
Nf6 Qb1+ 44. Kg2 Nd3 45. Ng8+ Kd7 46. Qf5+ Kd8 47. Qf8+ Kd7 48. Nf6# 1-0

[Event "Early-Titled-Tuesday-Blitz-March-05-2024"]
[Site "Chess.com"]
[Date "2024.03.05"]
[Round "7"]
[White "frequentblunders"]
[Black "ljuks68"]
[Result "0-1"]
[WhiteElo "2165"]
[BlackElo "2407"]
[TimeControl "180+1"]
[EndTime "9:19:15 PST"]
[Termination "ljuks68 won on time"]

1. e4 e6 2. d4 d5 3. e5 c5 4.
c3 Nc6 5. Nf3 Qb6 6. a3 c4 7. h4 Na5 8. Nbd2 Bd7 9. g3 f5 10.
exf6 gxf6 11. Bh3 O-O-O 12. O-O Ne7 13. Re1 Nf5 14. Bxf5 exf5 15. Nf1 Nb3 16. Rb1 Nxc1 17. Qxc1 Bd6 18. Qh6 f4 19. gxf4 Rdg8+ 20. Ng3 Rg6 21. Qh5 Bxf4 22. Qxd5 Qc6 23. Qxc6+ Bxc6 24. d5 Bxd5 25.
Nd4 Bxg3 26. fxg3 Rxg3+ 27. Kf1 Rhg8 28. Rbd1 Rg1+ 29. Ke2 R1g2+ 30. Ke3 Rxb2 31. Kf4 Rf2+ 32. Ke3 Rh2 33. Rg1 Rh3+ 34. Kd2 Rh2+ 35. Kc1 Rxg1 36. Rxg1 Rh1 37. Rxh1 Bxh1 38. Kd2 Be4 39. Nb5 Kd7 40. Nxa7 Ke6 0-1

[Event "Early-Titled-Tuesday-Blitz-March-05-2024"]
[Site "Chess.com"]
[Date "2024.03.05"]
[Round "7"]
[White "Yushko_Olga"]
[Black "diamonds13"]
[Result "0-1"]
[WhiteElo "2189"]
[BlackElo "2342"]
[TimeControl "180+1"]
[EndTime "9:19:15 PST"]
[Termination "diamonds13 won by resignation"]

1. d4 Nf6 2. c4 e6 3. Nc3 d5 4.
cxd5 exd5 5. Bg5 Be7 6. e3 h6 7. Bh4 O-O 8. Bd3 c6 9. Qc2 Nbd7 10. Nge2 Ne8 11. Bg3 Bd6 12. O-O Bxg3 13. Nxg3 Nd6 14. a3 Nf6 15. b4 b5 16. Rfe1 Ng4 17. f3 Nxh2 18. Kxh2 Qh4+ 19. Kg1 Qxg3 20. Ne2 Qh4 21. Qxc6 Qe7 22. Nf4 Bb7 23. Qc2 Rac8 24. Qb3 Nc4 25.
Bxc4 dxc4 26. Qc3 Rc6 27. e4 Qg5 28. Qe3 Rf6 29. Nh3 Qg3 30. Qf2 Qc7 31. e5 Rf5 32. Qe3 g5 33. Nf2 Rf4 34. Ne4 Bxe4 35. fxe4 f5 36.
exf5 R8xf5 37. e6 Qe7 38. Rad1 Rh4 39. g3 Rh3 40. Kg2 g4 41. Rh1 Qb7+ 42. d5 Rxd5 43. Qe4 Rd2+ 44. Rxd2 Qxe4+ 0-1

[Event "Early-Titled-Tuesday-Blitz-March-05-2024"]
[Site "Chess.com"]
[Date "2024.03.05"]
[Round "7"]
[White "Eloist"]
[Black "kyuotbi"]
[Result "0-1"]
[WhiteElo "2430"]
[BlackElo "2318"]
[TimeControl "180+1"]
[EndTime "9:19:16 PST"]
[Termination "kyuotbi won on time"]

1. e4 e5 2. Bc4 Nf6 3. d3 Nc6 4. Nf3 h6 5. O-O g6 6. d4 exd4 7. e5 Nh5 8. c3 dxc3 9. Nxc3 Bg7 10. g4 d5 11. exd6 Bxg4 12. Qe1+ Kf8 13. dxc7 Qxc7 14.
Nd5 Qd6 15. Qe4 Bxf3 16. Qxf3 Ne5 17. Qe4 Nxc4 18. Qxc4 Kg8 19. Be3 Kh7 20. Rad1 Rac8 21.
Qg4 Rhe8 22. Nf4 Qb4 23. a3 Qe4 24. Rd7 Nf6 25. Qh3 Nxd7 26. Qxd7 Qe7 27. Qd2 Rcd8 28. Nd5 Qe4 29. Rd1 Re5 0-1

[Event "Early-Titled-Tuesday-Blitz-March-05-2024"]
[Site "Chess.com"]
[Date "2024.03.05"]
[Round "7"]
[White "TimGrutter03"]
[Black "TigrVShlyape"]
[Result "0-1"]
[WhiteElo "2623"]
[BlackElo "2861"]
[TimeControl "180+1"]
[EndTime "9:19:18 PST"]
[Termination "TigrVShlyape won by resignation"]

1. e4 c5 2. Nf3 e6 3. g3 a6 4. Bg2 b5 5. d4 cxd4 6. Nxd4 Bb7 7. O-O Nc6 8. Nc3 Nxd4 9. Qxd4 Rc8 10. a3 Ne7 11. Be3 Nc6 12. Qd1 Ne5 13. Bd4 Qc7 14. f4 Nc4 15. b3 Ne3 16. Bxe3 Qxc3 17. Bd4 Qxd4+ 18. Qxd4 Bc5 19. Qxc5 Rxc5 20. Rac1 Ke7 21. c4 Rhc8 22. Rb1 bxc4 23. bxc4 Ba8 24. Rb6 Ra5 25. Rd1 f6 26. Rbd6 Rc7 27. R6d3 Rac5 28. Rd6 Bc6 29.
R6d4 e5 30. fxe5 fxe5 31. R4d3 Rxc4 32. Rf1 Bxe4 33. Bxe4 Rxe4 34. Rdf3 Rec4 35. Rf7+ Ke6 36. Rxg7 d5 37. Rg8 e4 38. Ra8 R4c6 39. Raf8 d4 40.
R1f4 Rc1+ 41. Kg2 Re1 42. Ra8 d3 43. Rxa6+ Ke5 44. Ra5+ Kd4 45. Ra4+ Rc4 46. Ra8 d2 47. Rd8+ Kc3 48. Rf7 d1=Q 49. Rxd1 Rxd1 50. Rxh7 e3 51.
Kf3 Kd3 52. Rd7+ Rd4 53. Re7 Rf1+ 54. Kg2 e2 0-1

[Event "Early-Titled-Tuesday-Blitz-March-05-2024"]
[Site "Chess.com"]
[Date "2024.03.05"]
[Round "7"]
[White "Chessdreamer2020"]
[Black "Szachulec75"]
[Result "1-0"]
[WhiteElo "2523"]
[BlackElo "2240"]
[TimeControl "180+1"]
[EndTime "9:19:19 PST"]
[Termination "Chessdreamer2020 won on time"]

1. e4 d6 2. d4 Nf6 3. Nc3 c6 4.
a4 a5 5. h3 e5 6. Nge2 Nbd7 7.
g4 Be7 8. Bg2 O-O 9. O-O Re8 10.
Be3 Nf8 11. Ng3 Ng6 12. Qd2 Bf8 13. Rad1 Qc7 14. Bg5 Nd7 15. Nf5 Nb6 16. b3 Be6 17. h4 f6 18. h5 fxg5 19. hxg6 h6 20. Bf3 Bc8 21. Kg2 Re6 22. dxe5 dxe5 23. Qd8 Qxd8 24. Rxd8 Bd7 25. Rxa8 Nxa8 26. Rd1 Nb6 27. Na2 Rxg6 28. b4 Bxf5 29. gxf5 Rd6 30. Rb1 Nxa4 31. bxa5 Nc5 32. Nb4 Rd2 33. Nd3 Nxd3 34.
cxd3 Rxd3 35. Rxb7 Ra3 36. Ra7 Bc5 37. Ra8+ Kh7 38.
Bh5 g6 39. Bxg6+ Kg7 40. Rc8 Rxa5 41. Rxc6 Bd4 42. Rc7+ 1-0

[Event "Early-Titled-Tuesday-Blitz-March-05-2024"]
[Site "Chess.com"]
[Date "2024.03.05"]
[Round "7"]
[White "djano"]
[Black "Balla_Tamas"]
[Result "1-0"]
[WhiteElo "2557"]
[BlackElo "2437"]
[TimeControl "180+1"]
[EndTime "9:19:20 PST"]
[Termination "djano won by resignation"]

1. e4 c5 2. Nc3 Nc6 3. Bb5 Nd4 4. Nf3 Nf6 5. e5 Nxb5 6. Nxb5 Nd5 7. Ng5 f6 8. c4 Nf4 9. exf6 exf6 10. O-O fxg5 11. Re1+ Ne6 12. d4 a6 13. Nc3 cxd4 14. Nd5 Be7 15. Qf3 Bf6 16. Qa3 d6 17. Qh3 O-O 18. Rxe6 Bxe6 19. Qxe6+ Kh8 20. Bd2 Re8 21. Qf5 Rc8 22.
b3 b5 23. Qd3 bxc4 24. bxc4 Qd7 25. Nb6 Qc6 26. Nxc8 Rxc8 27. Rc1 h6 28. h3 Be5 29.
Qf5 Qa8 30. c5 Rf8 31. Qe6 Qd8 32. c6 Qc7 33. Qd5 Rf6 34. Rb1 Rf8 35. Rb7 Qc8 36. c7 Bf4 37. Bxf4 gxf4 38. Rb8 Qxc7 39. Rxf8+ Kh7 40.
Qf5+ g6 1-0

[Event "Early-Titled-Tuesday-Blitz-March-05-2024"]
[Site "Chess.com"]
[Date "2024.03.05"]
[Round "7"]
[White "GM4life"]
[Black "Kobalia"]
[Result "0-1"]
[WhiteElo "2508"]
[BlackElo "2803"]
[TimeControl "180+1"]
[EndTime "9:19:21 PST"]
[Termination "Kobalia won by resignation"]

1. d4 d5 2. c4 c6 3. cxd5 cxd5 4. Nc3 e6 5. Bf4 Bd6 6. Bg3 Qb6 7. Bxd6 Qxd6 8. e3 Ne7 9. Nf3 Nbc6 10. Bd3 O-O 11. O-O Bd7 12. Rc1 Rfc8 13. Bb1 Be8 14. Na4 f6 15. a3 Bh5 16. Qc2 Bg6 17. Qc5 Qd7 18. Qb5 b6 19. Bxg6 hxg6 20. b4 Nf5 21. Nb2 Nd6 22.
Qd3 Kf7 23. Nh4 Ne7 24. h3 Qb5 25. Nf3 Nef5 26. Nd2 g5 27. Qb3 Qe2 28. Nf3 Ne4 29. Nd3 Nh4 30. Nxh4 gxh4 31. Rfe1 Qd2 32. Red1 Rxc1 33.
Rxc1 Nxf2 34. Rc7+ Kg8 35. Nf4 Ne4 36. Nxe6 Qe1+ 37. Kh2 Nf2 38. Rxg7+ Kh8 39. Rh7+ Kxh7 40. Qc2+ Kh6 0-1

[Event "Early-Titled-Tuesday-Blitz-March-05-2024"]
[Site "Chess.com"]
[Date "2024.03.05"]
[Round "7"]
[White "Shuvalov"]
[Black "Abund"]
[Result "0-1"]
[WhiteElo "2550"]
[BlackElo "2758"]
[TimeControl "180+1"]
[EndTime "9:19:21 PST"]
[Termination "Abund won by resignation"]

1. d4 Nf6 2. c4 e6 3. Nc3 b6 4. e4 Bb7 5. Bd3 Bb4 6. f3 c5 7. d5 Bxc3+ 8. bxc3 d6 9. Ne2 Nbd7 10.
O-O O-O 11. f4 exd5 12. cxd5 c4 13. Bc2 Re8 14. Ng3 Nc5 15. Qd4 Qd7 16. e5 dxe5 17. fxe5 Qxd5 18. Rf2 Rxe5 19. Bf4 Re6 20. Bf5 Ree8 21. Bg5 Qxd4 22. cxd4 Nce4 23. Nxe4 Nxe4 24. Bxe4 Rxe4 25. Rf4 Rae8 26. Raf1 f6 27. Rxe4 Rxe4 28. Bc1 Rxd4 29. Kf2 Kf7 30. Re1 Rd3 31. g3 b5 32. Be3 a6 33. Rb1 Ke6 34. Rb2 Kf5 35.
Rd2 Ke4 36. Rxd3 Kxd3 37. Bc5 Bd5 38. a3 c3 39. Ke1 c2 0-1

[Event "Early-Titled-Tuesday-Blitz-March-05-2024"]
[Site "Chess.com"]
[Date "2024.03.05"]
[Round "7"]
[White "kids2010"]
[Black "BogdanDeac"]
[Result "0-1"]
[WhiteElo "2774"]
[BlackElo "2993"]
[TimeControl "180+1"]
[EndTime "9:19:25 PST"]
[Termination "BogdanDeac won by resignation"]

1. e4 c5 2. c3 Qa5 3. g3 g6 4. Bg2 Bg7 5. Ne2 d6 6. O-O Nf6 7. d4 Nc6 8. h3 O-O 9. Be3 Nd7 10. Nd2 Qc7 11. d5 Na5 12. Rc1 b5 13. b4 Nc4 14.
Nxc4 bxc4 15. f4 Rb8 16. Qd2 a5 17. bxa5 Qxa5 18. g4 Qa3 19. Rc2 Rb6 20. Ng3 Ba6 21. Rf2 Rfb8 22. Kh2 Bb5 23. e5 Ba4 24. Rc1 dxe5 25.
f5 Rb2 26. Qe1 Rxf2 27. Bxf2 Rb2 28. Ne4 Bc2 29. Nd2 Bd3 30. Qe3 Rxa2 31. Bh4 Qxc1 32. Bxe7 Qxd2 33. Qxd2 Rxd2 34. d6 Be4 0-1

[Event "Early-Titled-Tuesday-Blitz-March-05-2024"]
[Site "Chess.com"]
[Date "2024.03.05"]
[Round "7"]
[White "Chessbard1972"]
[Black "PepeCuenca"]
[Result "0-1"]
[WhiteElo "2471"]
[BlackElo "2701"]
[TimeControl "180+1"]
[EndTime "9:19:25 PST"]
[Termination "PepeCuenca won by checkmate"]

1. d4 Nf6 2. c4 g6 3. Nf3 Bg7 4.
g3 O-O 5. Bg2 d6 6. Nc3 Nc6 7.
O-O a6 8. e4 Bg4 9. h3 Bxf3 10.
Bxf3 Nd7 11. Be3 e5 12. d5 Nd4 13. Bg2 c5 14. dxc6 bxc6 15. Ne2 c5 16. Nc3 Rb8 17. b3 f5 18. f4 exf4 19. gxf4 fxe4 20. Nxe4 Nf5 21. Bd2 Bd4+ 22. Kh2 Qh4 23. Rc1 Rbe8 24. Re1 Re7 25. Qg4 Rfe8 26. Qxh4 Nxh4 27. Nxd6 Re2 28. Nxe8 Rxg2+ 29. Kh1 Rxd2 30. Rf1 Nf5 31. Rf3 h5 32. h4 Kf7 33. Nc7 Nf6 34. Nd5 Ng4 35.
Re1 Rh2# 0-1